 Dungeon Sprint DCSS version 0.26-a0-474-gfaca0e1de5 (webtiles) character file.

Game seed: 10042115514872725097

121 Baz the Cleaver (level 5, 0/50 HPs)
             Began as a Hill Orc Berserker on July 31, 2020.
             Was a Believer of Trog.
             Slain by a fire elemental (4 damage)
             ... summoned by a deep elf mage
             ... in the Dungeon (Sprint III: "The Ten Rune Challenge").
             The game lasted 00:02:01 (863 turns).

Baz the Cleaver (Hill Orc Berserker)                 Turns: 863, Time: 00:02:03

Health: 0/50       AC:  4    Str: 21    XL:     5   Next: 5%
Magic:  5/5        EV: 13    Int:  7    God:    Trog [**....]
Gold:   21         SH:  0    Dex: 10    Spells: 4/4 levels left

rFire    + . .     SeeInvis .   a - +0 hand axe
rCold    . . .     Faith    .   (no shield)
rNeg     . . .     Spirit   .   k - +2 robe {rF+}
rPois    .         Reflect  .   (no helmet)
rElec    .         Harm     .   (no cloak)
rCorr    .         NoTele   +   (no gloves)
MR       .....                  (no boots)
Stlth    +.........             (no amulet)
HPRegen  0.16/turn              (no ring)
MPRegen  0.09/turn              (no ring)

@: berserk cooldown, hasted and slowed
A: no striking features
a: Berserk, Trog's Hand, Renounce Religion


You were in the Dungeon.
You worshipped Trog.
Trog was pleased with you.
You visited 1 branch You collected 21 gold pieces.

Inventory:

Hand Weapons
 a - a +0 hand axe (weapon)
Armour
 b - a +0 animal skin
 k - a +2 robe of fire resistance (worn)
Scrolls
 h - a scroll of blinking
 i - 3 scrolls of identify
 j - a scroll of fog {unknown}
 l - 2 scrolls of immolation {unknown}
 m - 2 scrolls of remove curse {unknown}
 p - a scroll of holy word {unknown}
Potions
 f - 2 potions of magic
 g - a potion of berserk rage
 n - 4 potions of flight
 o - 7 potions of mutation


   Skills:
 + Level 6.2 Fighting
 * Level 8.9 Axes
 + Level 5.0 Armour
 + Level 3.8 Dodging


You had 4 spell levels left.
You didn't know any spells.
Your spell library was empty.

Dungeon Overview and Level Annotations

Branches:
Dungeon (1/1)

Altars:
Elyvilon
Zin
The Shining One


Message History

Unknown command.
You slash the deep elf mage!
The deep elf mage is moderately wounded.
You barely miss the fire elemental. The fire elemental hits you.
The fire elemental burns you! You resist.
* * * LOW HITPOINT WARNING * * *
You closely miss the deep elf mage.
The deep elf mage is moderately wounded.
You miss the fire elemental. The fire elemental closely misses you.
The deep elf mage closely misses you.
Unknown command.
Unknown command.
Unknown command.
You feel better. The fire elemental hits you. The fire elemental burns you!
You resist.
* * * LOW HITPOINT WARNING * * *
The deep elf mage mumbles some strange words.
The deep elf mage blinks!
The fire elemental hits you. The fire elemental burns you! You resist.
You die...

▓▓▓▓▓▓▓ ▓▓▓ ..'...♣♣♣
♣.##### ..#.....♣ ♣.#___#
###.....♣♣ ♣.#.@§#
..#....≈.♣♣♣♣.###E#○###+#
..#...≈≈♣.....#.§Ee......
..#..≈≈≈≈♣♣♣..'.⌠........
#'#..≈≈≈≈≈≈...#...######+
..#.≈≈≈≈≈≈....#.⌠.#
..#.≈≈≈≈≈.....#...#
..#.≈≈≈.......#+###
###...........#


You could see a deep elf mage and 2 fire elementals.

Vanquished Creatures
  A water elemental (D)
  Jessica (D)
  A human (D)
  A wolf (D)
  An ooze (D)
  A rat (D)
6 creatures vanquished.

Notes
Turn   | Place    | Note
-------+----------+-------------------------------------------
     0 | D        | Baz the Hill Orc Berserker began the quest for the Orb.
     0 | D        | Reached XP level 1. HP: 19/19 MP: 1/1
    10 | D        | Reached skill level 5 in Axes
    73 | D        | Noticed Jessica
    80 | D        | Killed Jessica
    80 | D        | Reached ** piety under Trog
    80 | D        | Reached skill level 6 in Axes
    80 | D        | Reached XP level 2. HP: 4/28 MP: 2/2
    80 | D        | Reached XP level 3. HP: 6/35 MP: 3/3
   373 | D        | Reached skill level 5 in Fighting
   373 | D        | Reached skill level 7 in Axes
   382 | D        | Reached XP level 4. HP: 19/42 MP: 4/4
   587 | D        | Noticed a water elemental
   597 | D        | Killed a water elemental
   597 | D        | Reached skill level 8 in Axes
   597 | D        | Reached skill level 5 in Armour
   597 | D        | Reached XP level 5. HP: 32/50 MP: 5/5
   838 | D        | Found a glowing silver altar of Zin.
   838 | D        | Found a glowing golden altar of the Shining One.
   838 | D        | Found a white marble altar of Elyvilon.
   839 | D        | Noticed a deep elf mage
   845 | D        | Noticed a fire elemental
   848 | D        | Noticed a fire elemental
   848 | D        | Noticed a fire elemental
   863 | D        | Slain by a fire elemental

Illustrated notes

Levels and vault maps discovered:
D:        dungeon_sprint_mu [sprint_mu_entry_forest, sprint_mu_temple_rooms,
          sprint_mu_d1_horrors, sprint_mu_d2_genie, sprint_mu_d3_branching,
          sprint_mu_orc_legion, sprint_mu_elf_gauntlet, sprint_mu_hive_nellie,
          sprint_mu_lair_fedhas, sprint_mu_vaults_butterflies,
          sprint_mu_slime_circle, sprint_mu_shoals_kraken,
          sprint_mu_snake_twists, sprint_mu_blade_basic, sprint_mu_crypt_lich,
          sprint_mu_tomb_spiral, sprint_mu_vestibule_basic,
          sprint_mu_gehenna_hellfire, sprint_mu_dis_giant,
          sprint_mu_tartarus_statrot, sprint_mu_cocytus_islands, sprint_mu_zot1]

Skill      XL: |  1  2  3  4 |
---------------+-------------+-----
Fighting       | 4 5 6 |  6.2
Dodging        | 2 3 |  3.8
Axes           | 6 7 8 |  8.9
Armour         | 3 4 5 |  5.0

Action                   |  1- 3 |  4- 6 || total
-------------------------+-------+-------++-------
Melee: Hand axe          |    22 |    21 ||    43
Invok: Berserk           |     2 |     2 ||     4
       Trog's Hand       |     1 |       ||     1
  Use: Potion            |       |     3 ||     3
Armor: Animal skin       |     1 |       ||     1
       Robe              |       |    11 ||    11
Dodge: Dodged            |     8 |    17 ||    25

Table legend: (Time is in decaauts)
 A = Elapsed time spent in this place.
 B = Non-inter-level travel time spent in this place.
 C = Inter-level travel time spent in this place.
 D = Time resting spent in this place.
 E = Time spent auto-exploring this place.
 F = Levels seen in this place.
 G = Mean time per level.
                   A        B        C        D        E       F      G
               +--------+--------+--------+--------+--------+-----+--------+
         Total |    881 |    864 |     17 |    723 |      0 |   1 |  881.0 |
       Dungeon |    881 |    864 |     17 |    723 |      0 |   1 |  881.0 |
               +--------+--------+--------+--------+--------+-----+--------+

Top non-repeatable levels by time:
       D: 881 daAuts
